cohdb
Replays
Latest Replays
All Replays
Popular Replays
Top Player Replays
Match Explorer
How It Works
Community
CoH3 Stats
Reddit
Sign in to upload your games and track your stats! →
Sign in with Steam
Match 26288995
Unlisted
Match 26288995
Overview
Messages
Build Orders
End
Vickers Machine Gun Team
Construct Section Command Post
Infantry Section
Vickers Machine Gun Team
ML 3-inch Mortar Team
Infantry Section
Construct Platoon Command Post
Grenade Package
CMP 15cwt Truck
ML 3-inch Mortar Team
6-pounder Anti-tank Gun Team
Construct Company Command Post
Selects Heavy Armor Battlegroup
Selects Rigorous Vehicle Training
Selects Crusader AA Medium Tank
Selects Light Vehicle Withdraw and Refit
Infantry Section
Infantry Section
6-pounder Anti-tank Gun Team
Christian Dior
Sonko [FR]
ohno
gks5253
joskov
JoeBidensSilverAlert
Joraad
vindicatus
0
0
Comments
sign in to comment!
No comments posted yet!